 Dungeon Crawl Stone Soup version 0.31-a0-455-g1a7b003ef0 (webtiles) character file.

Game seed: 6617344834608890935

15517 quinnr the Zephyrmancer (level 12, 0/72 HPs)
             Began as a Tengu Air Elementalist on Aug 3, 2023.
             Was a Priest of Sif Muna.
             Slain by an azure jelly (21 damage)
             ... in an ice cave.
             The game lasted 00:36:00 (18155 turns).

quinnr the Zephyrmancer (Tengu Air Elementalist)   Turns: 18155, Time: 00:36:01

Health: 0/72       AC:  7    Str:  8    XL:     12   Next: 27%
Magic:  1/25       EV: 24    Int: 21    God:    Sif Muna [***...]
Gold:   608        SH:  0    Dex: 15    Spells: 17/27 levels left

rFire   . . .        L - staff of cold {!a}
rCold   + . .        (no shield)
rNeg    . . .        U - +0 troll leather armour
rPois   .            o - +2 hat
rElec   .            (no cloak)
rCorr   +            N - +0 pair of gloves
SInv    .            (boots unavailable)
Will    .....        i - amulet of regeneration
Stlth   +++          R - ring of resist corrosion
HPRegen 1.92/turn    E - +5 ring of evasion
MPRegen 0.19/turn

%: no passive effects
@: swift, flying quickly and evasively, very quick
A: beak, talons 3, nimble flight
a: Renounce Religion, Channel Magic, Forget Spell


You were in an ice cave.
You worshipped Sif Muna.
Sif Muna was most pleased with you.
You visited 2 branches of the dungeon, and saw 12 of its levels.
You also visited: Bailey and Ice Cave.

You collected 720 gold pieces.
You spent 112 gold pieces at shops.


Innate Abilities, Weirdness & Mutations

You have a beak for a mouth.
You have claws for feet.
Your magical nature lets you fly swiftly and evasively.


   Skills:
 - Level 7.0 Fighting
 - Level 3.0 Armour
 - Level 10.0 Dodging
 - Level 6.0 Stealth
 - Level 8.0 Spellcasting
 - Level 2.0 Conjurations
 - Level 13.0 Air Magic
 - Level 4.0 Poison Magic
 + Level 4.0 Invocations
 - Level 5.0 Evocations


You had 17 spell levels left.
You knew the following spells:

 Your Spells              Type           Power      Damage    Failure   Level
a - Airstrike             Air            29%        2d(5-21)  1%          4
i - Swiftness             Air            58%        N/A       1%          3
t - Static Discharge      Conj/Air       78%        2-6/arc   1%          2
z - Shock                 Conj/Air       100%       1d9       1%          1

Your spell library contained the following spells:

 Spells                   Type           Power      Damage    Failure   Level
 Cigotuvi's Dreadful Rot  Necr/Pois/Air  64%        N/A       1%          2
 Kiss of Death            Conj/Necr      48%        2d9       8%          1
 Momentum Strike          Conj/Tloc      24%        3d8       11%         2
 Blink                    Tloc           16%        N/A       17%         2
 Ignite Poison            Fire/Tmut/Pois 13%        N/A       21%         3
 Gell's Gravitas          Tloc           8%         N/A       32%         3
 Teleport Other           Tloc           8%         N/A       32%         3
 Freezing Cloud           Conj/Ice/Air   22%        6-21      36%         5
 Manifold Assault         Tloc           8%         N/A       73%         4
 Irradiate                Conj/Tmut      6%         3d13      90%         5
 Dispersal                Tloc           4%         N/A       100%        6
 Lehudib's Crystal Spear  Conj/Erth      6%         10d3      100%        8

Inventory:

Hand Weapons
 z - a +3 dagger of speed
 M - a +4 triple crossbow of freezing
Missiles
 r - 5 throwing nets {=f}
Armour
 o - a +2 hat (worn)
 u - the +0 robe of Fashionability {Rampage rN+ rCorr}
   (You found it on level 4 of the Dungeon)

   rN:        It protects you from negative energy.
   rCorr:     It protects you from acid and corrosion.
   Rampage:   It bestows one free step when moving towards enemies.
 N - a +0 pair of gloves (worn)
 U - a +0 troll leather armour (worn)
Magical Staves
 e - a staff of poison {!a}
 L - a staff of cold (weapon) {!a}
 S - a staff of fire {!a}
Jewellery
 i - an amulet of regeneration (around neck)
 E - a +5 ring of evasion (right hand)
 F - an amulet of reflection
 G - an amulet of guardian spirit
 R - a ring of resist corrosion (left hand)
Talismans
 q - a dragon-blood talisman
Wands
 t - a wand of flame (15)
 v - a wand of charming (17)
 y - a wand of acid (9)
 B - a wand of digging (6)
 I - a wand of roots (26)
 V - a wand of mindburst (11)
Scrolls
 c - 7 scrolls of teleportation {@r2}
 f - 3 scrolls of immolation
 j - a scroll of enchant armour
 k - a scroll of torment
 s - 3 scrolls of vulnerability
 x - a scroll of fog
 A - a scroll of fear
 D - a scroll of noise
 J - a scroll of amnesia
 O - a scroll of enchant weapon
 P - a scroll of butterflies
 Q - a scroll of identify {@r1}
 T - a scroll of revelation
Potions
 d - 6 potions of curing {@q1}
 g - a potion of mutation
 h - a potion of enlightenment
 l - a potion of cancellation {unknown}
 m - 2 potions of brilliance
 n - a potion of degeneration {unknown}
 p - 2 potions of haste {@q3}
 w - a potion of heal wounds {@q2}
 H - 2 potions of ambrosia {unknown}
 K - 2 potions of attraction

Dungeon Overview and Level Annotations

Branches:
Dungeon (11/15)            Temple (1/1) D:7            Lair (0/5) D:11
    Orc (0/2) D:10         Bailey (visited)           IceCv (1/1)

Altars:
Ashenzari
Cheibriados
Dithmenos
Elyvilon
Fedhas
Gozag
Hepliaklqana
Kikubaaqudgha
Makhleb
Nemelex Xobeh
Okawaru
Qazlal
Ru
Sif Muna
Trog
Uskayaw
Vehumet
Wu Jian
Xom
Yredelemnul
Zin
The Shining One

Shops:
D:7 !

Annotations:
D:8 firevault IceCv exclusion: ice statue

##..##.##..# ##..#
#.....J##..# #...#
#......##..####..##
#......##..##....#
#......##..##...##
#..#...#...##...#
#.J##.##...##..## #
#.J####....##..# ##
#..@# #....##..####.
#...###...###...##..
##...#...## #....#..
#.......# #.....J.
##......# ##......
#.....## #.....#
##...## ##...##
##### #####


You could see 2 azure jellies.


Message History

Casting: Airstrike (mildly dangerous; 1% risk of failure)
Confirm with . or Enter, or press ? or * to list all spells.
Aiming: Airstrike (mildly dangerous; 1% risk of failure)
Press: ? - help, Dir - move target, f/p - azure jelly
Aim: an azure jelly (heavily wounded, empty space bonus: 6/8)
The air twists around and strikes the azure jelly!
The azure jelly is severely wounded.
The azure jelly hits you. The azure jelly freezes you! You resist.
The azure jelly misses you. The azure jelly hits you. x2
The azure jelly closely misses you.
The azure jelly hits you but does no damage. x2
The azure jelly completely misses you.
The azure jelly attacks as you move away!
The azure jelly misses you. The azure jelly completely misses you.
The azure jelly misses you. x2
The azure jelly attacks as you move away!
The azure jelly hits you! The azure jelly freezes you! You resist.
* * * LOW HITPOINT WARNING * * *
The azure jelly hits you but does no damage.
The azure jelly barely misses you. x2
Casting: Airstrike (mildly dangerous; 1% risk of failure)
Confirm with . or Enter, or press ? or * to list all spells.
You feel quick. The azure jelly hits you!
* * * LOW HITPOINT WARNING * * *
The azure jelly freezes you! You resist.
* * * LOW HITPOINT WARNING * * *
The azure jelly hits you.
* * * LOW HITPOINT WARNING * * *
The azure jelly freezes you!! You resist.
You die...

Skill      XL: |  1  2  3  4  5  6  7  8  9 10 11 12 |
---------------+-------------------------------------+-----
Air Magic      | 5 6 7 8 10 12 13 | 13.0
Evocations     | 1 2 3 4 5 |  5.0
Poison Magic   | 1 2 4 |  4.0
Spellcasting   | 3 4 5 8 |  8.0
Dodging        | 3 6 9 10 | 10.0
Stealth        | 3 6 |  6.0
Fighting       | 4 5 7 |  7.0
Conjurations   | 2 |  2.0
Armour         | 2 3 |  3.0
Invocations    | 2 4 |  4.0

Action                     |  1- 3 |  4- 6 |  7- 9 | 10-12 || total
---------------------------+-------+-------+-------+-------++-------
  Melee: Staff             |     7 |       |     3 |    16 ||    26
         Kick              |     2 |       |     1 |    19 ||    22
         Peck              |     1 |       |       |    13 ||    14
         Dagger            |       |       |       |    22 ||    22
   Cast: Shock             |   105 |   108 |   209 |   142 ||   564
         Airstrike         |       |     6 |    52 |   153 ||   211
         Static Discharge  |       |     1 |    10 |    30 ||    41
         Swiftness         |       |       |       |     4 ||     4
  Evoke: Wand              |       |       |       |    14 ||    14
    Use: Scroll            |       |     4 |     7 |    11 ||    22
         Potion            |       |       |       |     2 ||     2
   Stab: Sleeping          |       |       |     1 |       ||     1
 Armour: Robe              |     5 |     1 |     6 |       ||    12
         Troll leather arm |       |       |       |    14 ||    14
  Dodge: Dodged            |    15 |     6 |    74 |   144 ||   239

Levels and vault maps discovered:
D:1:      dpeg_arrival_simpleton_a, layout_basic,
          hellmonk_ecumenical_altar_lost_god
D:2:      layout_basic
D:3:      layout_basic, general_overflow_altar, chequers_mini_garden,
          serial_park_tiny_1, roderic_lattice_a, minmay_misc_feat_alley,
          uniq_jessica
D:4:      layout_cave_pods, overflow_temple_1_default, uniq_robin, uniq_menkaure
D:5:      layout_cave_pods, mainiacjoe_overflow_catch_the_wave, serial_park,
          serial_park_tiny_pond, serial_park_gazebo
          [serial_park_minivault_5x5_8], serial_park_tiny_1,
          serial_park_tiny_pond, uniq_ijyb, uniq_sigmund
D:6:      layout_cave_pools
D:7:      lemuel_ice_spiral_2, layout_basic,
          minmay_temple_entry_drinking_statues, serial_shops, shop
D:8:      layout_basic, grunt_dithmenos_shadows, mainiacjoe_overflow_alcove_4,
          serial_glass, glass_columns_c, glass_columns_a, glass_columns_a,
          glass_columns_a, glass_columns_a, glass_columns_b, glass_columns_a,
          glass_columns_c, minmay_strange_pillars, minmay_strange_pillars,
          minmay_strange_pillars, serial_park_tiny_2, lemuel_flame_loot_1
D:9:      layout_cave_pools, nicolae_vehumet_altar_sigil, enter_bailey_3
D:10:     layout_loops_ring, mainiacjoe_overflow_chevrons, orc_0_dummy
D:11:     layout_irregular_city, erik_lair_dragon,
          portal_ice_cave_entry_animals_and_master, corner_web_ring
Temple:   minmay_temple_curvy_branch
IceCv:    ice_cave_hellmonk_azure_passage

Notes
Turn   | Place    | Note
-------+----------+-------------------------------------------
     0 | D:1      | quinnr the Tengu Air Elementalist began the quest for the
                  | Orb.
     0 | D:1      | Reached XP level 1. HP: 10/10 MP: 4/4
   133 | D:1      | Reached XP level 2. HP: 15/15 MP: 0/6
   230 | D:1      | Found a faded altar of an unknown god.
   571 | D:1      | Reached skill level 5 in Air Magic
  1367 | D:2      | Reached XP level 3. HP: 19/19 MP: 2/7
  2478 | D:3      | Reached skill level 6 in Air Magic
  2590 | D:3      | Reached XP level 4. HP: 16/24 MP: 4/8
  2871 | D:3      | Noticed Jessica
  2933 | D:2      | Learned a level 4 spell: Airstrike
  2936 | D:2      | Learned a level 2 spell: Static Discharge
  3154 | D:3      | Reached skill level 1 in Evocations
  3165 | D:3      | Reached skill level 1 in Poison Magic
  3334 | D:3      | Gained mutation: Your magical nature lets you fly swiftly
                  | and evasively. [Tengu growth]
  3334 | D:3      | Reached XP level 5. HP: 28/28 MP: 5/9
  3377 | D:3      | Found a blossoming altar of Fedhas.
  3499 | D:3      | Killed Jessica
  3958 | D:4      | Noticed Menkaure
  4042 | D:4      | Reached skill level 7 in Air Magic
  4128 | D:4      | Identified the +0 robe of Fashionability {Rampage rN+
                  | rCorr}
  4528 | D:4      | Killed Menkaure
  4529 | D:4      | Reached skill level 2 in Evocations
  4529 | D:4      | Reached XP level 6. HP: 32/32 MP: 5/11
  4593 | D:4      | Found a burning altar of Makhleb.
  4786 | D:4      | Noticed Robin
  4796 | D:4      | Killed Robin
  5043 | D:4      | Reached skill level 8 in Air Magic
  5078 | D:4      | Reached skill level 3 in Spellcasting
  5505 | D:5      | Entered Level 5 of the Dungeon
  5505 | D:5      | Noticed Sigmund
  5536 | D:5      | Noticed an ice beast
  5540 | D:5      | Killed an ice beast
  5541 | D:5      | Reached XP level 7. HP: 36/36 MP: 1/12
  5704 | D:5      | Reached skill level 3 in Evocations
  6007 | D:5      | Killed Sigmund
  6008 | D:5      | Reached skill level 9 in Air Magic
  6523 | D:5      | Reached skill level 4 in Spellcasting
  6530 | D:4      | Learned a level 3 spell: Swiftness
  6732 | D:5      | Reached skill level 10 in Air Magic
  6732 | D:5      | Reached XP level 8. HP: 27/41 MP: 5/15
  6842 | D:5      | Found a burning altar of Makhleb.
  6995 | D:5      | Found a white marble altar of Elyvilon.
  7023 | D:5      | Noticed Ijyb
  7026 | D:5      | Killed Ijyb
  7407 | D:5      | Found an ornate altar of the Wu Jian Council.
  7596 | D:5      | You are sucked into a shaft and drop 2 floors!
  7649 | D:7      | Reached skill level 11 in Air Magic
  7799 | D:7      | Found a staircase to the Ecumenical Temple.
  8009 | D:6      | Reached skill level 12 in Air Magic
  8438 | Temple   | Entered the Ecumenical Temple
  8471 | Temple   | Became a worshipper of Sif Muna the Loreminder
  8523 | D:7      | Reached skill level 3 in Dodging
  8614 | D:7      | Reached skill level 3 in Stealth
  8895 | D:7      | Reached XP level 9. HP: 26/45 MP: 5/17
  9038 | D:7      | Found Pesaheuw's Distillery.
  9048 | D:7      | Bought a potion of curing for 48 gold pieces
  9048 | D:7      | Bought a potion of brilliance for 64 gold pieces
  9255 | D:8      | Reached skill level 4 in Dodging
  9387 | D:8      | Found a shadowy altar of Dithmenos.
  9393 | D:8      | Reached skill level 4 in Stealth
  9393 | D:8      | Reached skill level 5 in Spellcasting
  9493 | D:8      | Found a glowing silver altar of Zin.
  9493 | D:8      | Noticed a hornet
  9495 | D:8      | Killed a hornet
  9669 | D:8      | Reached skill level 5 in Dodging
  9960 | D:8      | Reached skill level 5 in Stealth
 10302 | D:9      | Found a flagged portal.
 10322 | Bailey   | Entered a bailey
 10778 | Bailey   | Noticed Grum
 10789 | Bailey   | Killed Grum
 10789 | Bailey   | Reached * piety under Sif Muna
 10790 | Bailey   | Reached skill level 6 in Dodging
 10883 | Bailey   | Reached skill level 6 in Stealth
 10883 | Bailey   | Reached skill level 1 in Fighting
 10965 | Bailey   | Reached skill level 2 in Fighting
 11091 | Bailey   | Reached skill level 3 in Fighting
 11255 | Bailey   | Reached skill level 4 in Fighting
 11255 | Bailey   | Reached skill level 2 in Conjurations
 11377 | Bailey   | Reached XP level 10. HP: 56/56 MP: 8/18
 11863 | Bailey   | Reached skill level 13 in Air Magic
 12002 | Bailey   | Got Eddiumul's Tome of the Fifth Circle
 13140 | D:9      | Noticed a two-headed ogre
 13218 | D:9      | Reached skill level 6 in Spellcasting
 13388 | D:9      | Killed a two-headed ogre
 13389 | D:9      | Reached skill level 7 in Spellcasting
 13618 | D:9      | Found a radiant altar of Vehumet.
 14094 | D:10     | Entered Level 10 of the Dungeon
 14104 | D:10     | Noticed a two-headed ogre
 14117 | D:10     | Killed a two-headed ogre
 14118 | D:10     | Reached skill level 8 in Spellcasting
 14228 | D:10     | Found a staircase to the Orcish Mines.
 14373 | D:10     | Reached skill level 5 in Fighting
 14508 | D:10     | Noticed a kobold demonologist
 14520 | D:10     | Killed a kobold demonologist
 14521 | D:10     | Reached skill level 1 in Armour
 14521 | D:10     | Reached skill level 2 in Poison Magic
 14568 | D:10     | Noticed a two-headed ogre
 14773 | D:10     | Found an opulent altar of Gozag.
 14795 | D:10     | Reached skill level 2 in Armour
 14795 | D:10     | Reached XP level 11. HP: 63/63 MP: 15/24
 15151 | D:10     | Killed a two-headed ogre
 15152 | D:10     | Reached skill level 3 in Armour
 15152 | D:10     | Reached skill level 4 in Poison Magic
 15391 | D:11     | Noticed a two-headed ogre
 15424 | D:11     | Killed a two-headed ogre
 15425 | D:11     | Reached skill level 6 in Fighting
 15621 | D:11     | Noticed a cyclops
 15666 | D:11     | Noticed an ice dragon
 15666 | D:11     | Found a frozen archway.
 15685 | D:11     | Reached ** piety under Sif Muna
 15746 | D:10     | Reached skill level 7 in Dodging
 15814 | D:11     | Killed an ice dragon
 15815 | D:11     | Reached skill level 7 in Fighting
 15863 | IceCv    | Entered an ice cave
 16034 | IceCv    | Reached skill level 8 in Dodging
 16472 | IceCv    | Reached skill level 1 in Invocations
 16616 | IceCv    | Reached skill level 9 in Dodging
 17109 | IceCv    | Reached skill level 2 in Invocations
 17139 | IceCv    | Reached skill level 4 in Evocations
 17287 | IceCv    | Noticed a quicksilver ooze
 17289 | IceCv    | Killed a quicksilver ooze
 17290 | IceCv    | Reached XP level 12. HP: 72/72 MP: 16/25
 17339 | IceCv    | Noticed a quicksilver ooze
 17347 | IceCv    | Killed a quicksilver ooze
 17348 | IceCv    | Reached skill level 3 in Invocations
 17761 | IceCv    | Reached skill level 5 in Evocations
 17873 | IceCv    | Reached *** piety under Sif Muna
 17878 | IceCv    | Reached skill level 10 in Dodging
 18030 | IceCv    | Reached skill level 4 in Invocations
 18138 | IceCv    | Noticed an azure jelly
 18140 | IceCv    | Noticed an azure jelly
 18155 | IceCv    | Slain by an azure jelly

Vanquished Creatures
  2 quicksilver oozes (IceCv)
  An ice dragon (D:11)
  4 two-headed ogres
  A kobold demonologist (D:10)
  A troll (D:10)
  A hornet (D:8)
  3 polar bears (D:11)
  Sigmund (D:5)
  20 slime creatures (IceCv)
  2 yaks
  3 wyverns
  2 vampire mosquitoes (D:11)
  Grum (Bailey)
  2 steam dragons
  Menkaure (D:4)
  A water moccasin (D:7)
  An orc warrior (D:9)
  2 great orb of eyes simulacra (IceCv)
  4 ice beasts
  A black bear (D:8)
  7 wolves
  8 centaurs
  A phantom (D:6)
  2 slime creature simulacra (IceCv)
  A kobold brigand (D:7)
  4 scorpions
  2 bullfrogs (D:8)
  8 gnoll sergeants
  2 glowing shapeshifter simulacra (IceCv)
  6 killer bees
  8 hounds
  2 jellies
  2 orc priests
  8 gnoll boudas
  A sleepcap (D:6)
  Jessica (D:3)
  Ijyb (D:5)
  4 iguanas
  An orc wizard (D:9)
  4 shapeshifter simulacra (IceCv)
  Robin (D:4)
  28 gnolls
  5 adders
  2 shadow imps
  4 white imps
  3 ufetubi
  4 worms
  3 dart slugs
  18 orcs
  6 bats
  7 endoplasms
  5 giant cockroaches
  18 goblins
  14 hobgoblins
  2 jackals (D:2)
  2 quokkas
  3 ball pythons
  A frilled lizard (D:2)
  12 kobolds
  5 rats
270 creatures vanquished.

Vanquished Creatures (others)
  An orc (D:8)
1 creature vanquished.

Grand Total: 271 creatures vanquished

Table legend: (Time is in decaauts)
 A = Elapsed time spent in this place.
 B = Non-inter-level travel time spent in this place.
 C = Inter-level travel time spent in this place.
 D = Time resting spent in this place.
 E = Time spent auto-exploring this place.
 F = Levels seen in this place.
 G = Mean time per level.
                   A        B        C        D        E       F      G
               +--------+--------+--------+--------+--------+-----+--------+
         Total |  17488 |  16640 |    848 |   1946 |  11828 |  14 | 1249.1 |
       Dungeon |  13521 |  12688 |    833 |   1195 |   9476 |  11 | 1229.2 |
        Temple |     42 |     27 |     15 |      0 |     21 |   1 |   42.0 |
        Bailey |   1697 |   1697 |      0 |    506 |    808 |   1 | 1697.0 |
      Ice Cave |   2226 |   2226 |      0 |    244 |   1523 |   1 | 2226.0 |
               +--------+--------+--------+--------+--------+-----+--------+

Top non-repeatable levels by time:
     D:4: 2541 daAuts
   IceCv: 2226 daAuts
  Bailey: 1697 daAuts
     D:3: 1463 daAuts
     D:5: 1377 daAuts
    D:10: 1225 daAuts
     D:1: 1190 daAuts
     D:2: 1176 daAuts
     D:6: 1152 daAuts
     D:8: 1109 daAuts
     D:9: 1035 daAuts
     D:7: 879 daAuts
    D:11: 368 daAuts
  Temple: 42 daAuts

Table legend:
 A = Non-vault XP
 B = Vault XP
 C = Vault XP percentage of total XP
 D = Non-vault monster count
 E = Vault monster count
 F = Vault count percentage of total count
                 A         B        C        D         E       F
            +---------+---------+-------+---------+---------+-------
      Total |   11146 |   11022 |  49.7 |     185 |      85 |  31.5
            +---------+---------+-------+---------+---------+-------
        D:1 |      29 |       0 |   0.0 |      15 |       0 |   0.0
        D:2 |      41 |       0 |   0.0 |      24 |       0 |   0.0
        D:3 |      97 |      37 |  27.6 |      15 |       1 |   6.2
        D:4 |     277 |     206 |  42.7 |      29 |      12 |  29.3
        D:5 |     594 |     267 |  31.0 |      17 |       2 |  10.5
        D:6 |     830 |       0 |   0.0 |      21 |       0 |   0.0
        D:7 |     644 |       0 |   0.0 |      17 |       0 |   0.0
        D:8 |     953 |      12 |   1.2 |      10 |       1 |   9.1
        D:9 |    1695 |       8 |   0.5 |      15 |       4 |  21.1
       D:10 |    2839 |     209 |   6.9 |       7 |       1 |  12.5
       D:11 |    1746 |    2326 |  57.1 |       9 |       8 |  47.1
     Bailey |       0 |    1809 | 100.0 |       0 |      30 | 100.0
      IceCv |    1401 |    6148 |  81.4 |       6 |      26 |  81.2
            +---------+---------+-------+---------+---------+-------

Levels and vault maps discovered:
D:1:      dpeg_arrival_simpleton_a, layout_basic,
          hellmonk_ecumenical_altar_lost_god
D:2:      layout_basic
D:3:      layout_basic, general_overflow_altar, chequers_mini_garden,
          serial_park_tiny_1, roderic_lattice_a, minmay_misc_feat_alley,
          uniq_jessica
D:4:      layout_cave_pods, overflow_temple_1_default, uniq_robin, uniq_menkaure
D:5:      layout_cave_pods, mainiacjoe_overflow_catch_the_wave, serial_park,
          serial_park_tiny_pond, serial_park_gazebo
          [serial_park_minivault_5x5_8], serial_park_tiny_1,
          serial_park_tiny_pond, uniq_ijyb, uniq_sigmund
D:6:      layout_cave_pools
D:7:      lemuel_ice_spiral_2, layout_basic,
          minmay_temple_entry_drinking_statues, serial_shops, shop
D:8:      layout_basic, grunt_dithmenos_shadows, mainiacjoe_overflow_alcove_4,
          serial_glass, glass_columns_c, glass_columns_a, glass_columns_a,
          glass_columns_a, glass_columns_a, glass_columns_b, glass_columns_a,
          glass_columns_c, minmay_strange_pillars, minmay_strange_pillars,
          minmay_strange_pillars, serial_park_tiny_2, lemuel_flame_loot_1
D:9:      layout_cave_pools, nicolae_vehumet_altar_sigil, enter_bailey_3
D:10:     layout_loops_ring, mainiacjoe_overflow_chevrons, orc_0_dummy
D:11:     layout_irregular_city, erik_lair_dragon,
          portal_ice_cave_entry_animals_and_master, corner_web_ring
Temple:   minmay_temple_curvy_branch
IceCv:    ice_cave_hellmonk_azure_passage
